 Dungeon Crawl Stone Soup version 0.30-a0-474-g5673dd7ce6 (webtiles) character file.

Game seed: 6946025233105155823

7154 Bnni the Arsonist (level 10, -27/88 HPs)
             Began as a Red Draconian Conjurer on Dec 20, 2022.
             Was a Believer of Vehumet.
             Killed from afar by an ice dragon (28 damage)
             ... with a blast of cold
             ... on level 11 of the Dungeon.
             The game lasted 00:28:51 (7915 turns).

Bnni the Arsonist (Red Draconian Conjurer)          Turns: 7915, Time: 00:28:52

Health: -27/88     AC: 11    Str: 15    XL:     10   Next: 86%
Magic:  3/20       EV: 12    Int: 22    God:    Vehumet [**....]
Gold:   182        SH:  0    Dex: 11    Spells: 1/22 levels left

rFire   + . .      SeeInvis .    I - +11 rapier of Buatrin {vorpal, rCorr Str+6}
rCold   . . .      Faith    +    (no shield)
rNeg    . . .      Spirit   .    (body armour unavailable)
rPois   .          Reflect  .    (helmet restricted)
rElec   .          Harm     .    (no cloak)
rCorr   +          Rampage  .    c - +0 pair of gloves
Will    .....                    J - +2 pair of boots
Stlth   ++........               s - amulet of faith
HPRegen 0.34/turn                d - ring of wizardry
MPRegen 0.17/turn                (no ring)

@: no status effects
A: breathe fire, AC +7, unfitting armour, fire resistance 1, cold-blooded
a: Breathe Fire, Renounce Religion


You were on level 11 of the Dungeon.
You worshipped Vehumet.
Vehumet was pleased with you.
You visited 2 branches of the dungeon, and saw 10 of its levels.
You also visited: Ossuary.

You collected 446 gold pieces.
You spent 264 gold pieces at shops.

Inventory:

Hand Weapons
 I - the +11 rapier of Buatrin (weapon) {vorpal, rCorr Str+6}
   (You found it on level 7 of the Dungeon)

   It inflicts extra damage upon your enemies.
   Str:       It affects your strength (+6).
   rCorr:     It protects you from acid and corrosion.
Missiles
 h - 6 curare-tipped darts
 j - 21 poisoned darts
 q - 4 boomerangs of dispersal
 w - a throwing net
Armour
 c - a +0 pair of gloves (worn)
 g - the +0 buckler of Precision Catastrophes {rElec}
   (You found it on level 8 of the Dungeon)

   rElec:     It insulates you from electricity.
 J - a +2 pair of boots (worn)
Jewellery
 d - a ring of wizardry (left hand)
 s - an amulet of faith (around neck)
 u - a ring of fire
Wands
 r - a wand of quicksilver (4)
 E - a wand of flame (21)
Scrolls
 f - a scroll of poison
 i - a scroll of amnesia
 m - a scroll of immolation
 o - 2 scrolls of vulnerability
 p - 2 scrolls of fog
 y - 2 scrolls of brand weapon
 B - 3 scrolls of teleportation {unknown}
 C - 2 scrolls of fear
 G - a scroll of enchant armour {unknown}
Potions
 a - 2 potions of magic
 b - a potion of heal wounds
 e - 2 potions of curing
 k - 2 potions of flight {unknown}
 l - 5 potions of lignification {unknown}
 n - a potion of invisibility
 t - 2 potions of resistance {unknown}
 x - a potion of cancellation {unknown}
 z - 3 potions of might
 A - a potion of berserk rage {unknown}
 D - 4 potions of mutation {unknown}
 F - a potion of ambrosia {unknown}
 H - 4 potions of brilliance {unknown}


   Skills:
 + Level 7.6 Fighting
 * Level 3.6 Short Blades
 - Level 1.7 Dodging
 - Level 1.7 Stealth
 + Level 6.7 Spellcasting
 * Level 9.6 Conjurations
 - Level 3.0 Hexes
 - Level 3.0 Translocations
 * Level 9.8 Fire Magic


You had one spell level left.
You knew the following spells:

 Your Spells              Type           Power      Damage    Failure   Level
a - Magic Dart            Conj           100%       1d8       1%          1
b - Searing Ray           Conj           100%       2d8       1%          2
c - Fulminant Prism       Conj/Hex       17%        3d10      2%          4
d - Iskenderun's Mystic   Conj/Tloc      35%        2d8       2%          4
e - Flame Wave            Conj/Fire      50%        2d12      1%          4
f - Scorch                Fire           100%       2d10      1%          2
g - Sticky Flame          Conj/Fire      50%        2d7       1%          4

Your spell library contained the following spells:

 Spells                   Type           Power      Damage    Failure   Level
 Mephitic Cloud           Conj/Pois/Air  21%        N/A       2%          3
 Kiss of Death            Conj/Necr      100%       2d13      1%          1
 Dazzling Flash           Conj/Hex       70%        N/A       1%          3
 Inner Flame              Hex/Fire       35%        N/A       1%          3
 Ensorcelled Hibernation  Hex/Ice        28%        N/A       2%          2
 Confusing Touch          Hex            20%        N/A       3%          3
 Passwall                 Tmut/Erth      5%         N/A       5%          2
 Swiftness                Air            7%         N/A       11%         3
 Freezing Cloud           Conj/Ice/Air   10%        6-21      26%         5
 Dispel Undead            Necr           7%         3d8       32%         4
 Simulacrum               Ice/Necr       3%         N/A       99%         6
 Polar Vortex             Ice            3%         N/A       100%        9


Dungeon Overview and Level Annotations

Branches:
Dungeon (8/15)             Temple (1/1) D:5             Orc (0/2) D:11
Ossuary (visited)
   Lair: D:8-11

Altars:
Hepliaklqana
Kikubaaqudgha
Makhleb
Ru
Uskayaw
Vehumet
Xom

Shops:
D:6 *

Portals:
Ice
Cave: D:11


Innate Abilities, Weirdness & Mutations

You can breathe blasts of fire.
Your fiery red scales are hard. (AC +7)
You cannot fit into any form of body armour.
Your flesh is heat resistant. (rF+)
You are cold-blooded and may be slowed by cold attacks.


Message History

The polar bear barely misses you. The polar bear claws you.
* * * LOW HITPOINT WARNING * * *
You feel much better. The polar bear misses you.
The polar bear claws you but does no damage. x2
The polar bear bites you but does no damage.
The polar bear claws you but does no damage.
The polar bear claws you.
Casting: Scorch (safe; 1% risk of failure)
Confirm with . or Enter, or press ? or * to list all spells.
Casting: Flame Wave (mildly dangerous; 1% risk of failure)
Press: ? - help, Dir - look around, f - activate A wave of flame ripples out!
The flame wave engulfs the polar bear!
The polar bear is burned terribly!
You kill the polar bear!
Vehumet accepts your kill.
You feel your power returning. (Press . to intensify the flame waves.)
The polar bear bites you!!
* * * LOW HITPOINT WARNING * * *
The polar bear claws you.
* * * LOW HITPOINT WARNING * * *
The polar bear claws you.
* * * LOW HITPOINT WARNING * * *
A wave of flame ripples out!
The flame wave engulfs the polar bear!
The polar bear is almost dead.
The flame wave engulfs the ice dragon.
The ice dragon is burned terribly!
The ice dragon is moderately wounded.
The polar bear bites you!
* * * LOW HITPOINT WARNING * * *
The polar bear barely misses you.
The polar bear claws you but does no damage.
A wave of flame ripples out!
The flame wave engulfs the polar bear!
You kill the polar bear!
Vehumet accepts your kill.
The flame wave engulfs the ice dragon!!
The ice dragon is burned terribly!
The ice dragon is heavily wounded.
You finish channelling waves of flame.
The ice dragon breathes frost at you. The blast of cold hits you!!
You die...

*.......,,,,<,,* *,,
#####.......,,,,,,,************,,
............,,,,,,,,,,,,,,,,,,,,,
............,,,,,,,,,,,,,,,,,,,,,
####.######*******,************,,
#.# ******** *,, #.##########
**#*,,.*******,,
***#..........####.#....,**,,,,,,
.............#.#@.D†..∩.,**,,,,,,
......!......##.###.....,**,,,,,,
.............#### *,*...***,,,,,,
.............#*********#***,,,,,,
...............,,* *,,,,,,,
################** ********


You could see an ice dragon (catching breath).

Vanquished Creatures
  A dancing weapon (D:6)
  2 two-headed ogres
  Sonja (D:11)
  A cyclops (D:8)
  The ghost of nujazz the Digger, a novice OpEE (D:6)
  3 polar bears (D:11)
  Sigmund (D:3)
  3 yaks (D:11)
  3 water moccasins (D:6)
  2 orc warriors (D:7)
  2 sky beasts
  2 black bears (D:4)
  An ogre (D:6)
  A wolf (D:11)
  A phantom (D:4)
  A centaur (D:7)
  A bullfrog (D:8)
  2 scorpions
  5 elf zombies (Ossuary)
  9 wights
  3 howler monkeys (D:7)
  2 centaur zombies (Ossuary)
  5 human zombies (Ossuary)
  2 orc priests
  2 gnoll boudas
  3 hounds
  3 jellies
  3 iguanas
  4 orc wizards
  3 mummies (Ossuary)
  8 gnolls
  4 adders
  A shadow imp (D:7)
  A white imp (D:7)
  An ufetubus (D:5)
  3 worms
  3 dart slugs
  20 orcs
  9 ball pythons
  4 endoplasms
  4 giant cockroaches
  8 goblins
  9 hobgoblins
  5 jackals (D:3)
  6 kobolds
  4 quokkas
  A bat (D:2)
  A frilled lizard (D:2)
  2 rats
167 creatures vanquished.

Vanquished Creatures (others)
  38 fulminant prisms
38 creatures vanquished.

Grand Total: 205 creatures vanquished

Notes
Turn   | Place    | Note
-------+----------+-------------------------------------------
     0 | D:1      | Bnni the Draconian Conjurer began the quest for the Orb.
     0 | D:1      | Reached XP level 1. HP: 14/14 MP: 3/3
   170 | D:1      | Reached XP level 2. HP: 22/22 MP: 0/5
   274 | D:1      | Learned a level 2 spell: Searing Ray
   304 | D:1      | Reached skill level 1 in Fighting
   979 | D:2      | Found a sacrificial altar of Ru.
  1019 | D:2      | Reached XP level 3. HP: 28/28 MP: 3/6
  1607 | D:3      | Found a hazy altar of Hepliaklqana.
  1622 | D:3      | Reached skill level 1 in Hexes
  1748 | D:3      | Noticed Sigmund
  1758 | D:3      | HP: 1/29 [something/bolt of dispelling energy (7)]
  1768 | D:3      | HP: 1/29 [something/puff of flame (3)]
  1894 | D:3      | Killed Sigmund
  1895 | D:3      | Reached skill level 5 in Conjurations
  1895 | D:3      | Reached XP level 4. HP: 37/37 MP: 0/8
  1895 | D:3      | Reached XP level 5. HP: 42/42 MP: 0/9
  2004 | D:3      | Reached XP level 6. HP: 28/50 MP: 8/10
  2110 | D:3      | Learned a level 4 spell: Fulminant Prism
  2411 | D:3      | Found an ancient bone altar of Kikubaaqudgha.
  3236 | D:4      | Your scales start taking on a fiery red colour.
  3236 | D:4      | Reached XP level 7. HP: 57/57 MP: 7/12
  3236 | D:4      | Gained mutation: Your flesh is heat resistant. (rF+) [Red
                  | Draconian growth]
  3296 | D:4      | Learned a level 4 spell: Iskenderun's Mystic Blast
  4013 | D:4      | Reached skill level 1 in Translocations
  4206 | D:5      | Entered Level 5 of the Dungeon
  4270 | D:5      | Reached XP level 8. HP: 59/66 MP: 14/14
  4326 | D:5      | Reached skill level 1 in Fire Magic
  4515 | D:5      | Found a staircase to the Ecumenical Temple.
  4524 | Temple   | Entered the Ecumenical Temple
  4582 | Temple   | Became a worshipper of Vehumet
  4649 | D:5      | Learned a level 4 spell: Flame Wave
  5347 | D:6      | Found Giclity's Assorted Antiques.
  5351 | D:6      | Bought a curved runed staff for 264 gold pieces
  5623 | D:6      | Reached skill level 5 in Fighting
  5731 | D:6      | Found a runed translucent door.
  5731 | D:6      | Found a shimmering altar of Xom.
  5731 | D:6      | Noticed nujazz's ghost (novice OpEE)
  5731 | D:6      | Noticed a +0 rapier of chaos
  6167 | D:6      | Killed nujazz's ghost
  6167 | D:6      | Reached * piety under Vehumet
  6167 | D:6      | Offered knowledge of Foxfire by Vehumet.
  6168 | D:6      | Reached skill level 5 in Spellcasting
  6168 | D:6      | Reached skill level 5 in Fire Magic
  6168 | D:6      | Reached XP level 9. HP: 72/74 MP: 3/16
  6180 | D:6      | Killed a +0 rapier of chaos
  6412 | D:7      | Noticed a two-headed ogre
  6426 | D:7      | Killed a two-headed ogre
  6752 | D:7      | Reached XP level 10. HP: 84/84 MP: 19/19
  6823 | D:7      | Identified the +11 rapier of Buatrin {vorpal, rCorr Str+6}
  6855 | D:7      | Found a sand-covered staircase.
  6878 | Ossuary  | Entered an ossuary
  6889 | Ossuary  | Offered knowledge of Scorch by Vehumet.
  6894 | Ossuary  | Reached ** piety under Vehumet
  6929 | Ossuary  | Learned a level 2 spell: Scorch
  6934 | Ossuary  | Learned a level 4 spell: Sticky Flame
  7614 | D:8      | Identified the +0 buckler of Precision Catastrophes {rElec}
  7634 | D:8      | Noticed a cyclops
  7638 | D:8      | Killed a cyclops
  7639 | D:8      | Reached skill level 1 in Short Blades
  7686 | D:8      | You fall into a shaft and drop 3 floors!
  7737 | D:11     | Offered knowledge of Mephitic Cloud by Vehumet.
  7740 | D:11     | Noticed a two-headed ogre
  7746 | D:11     | Noticed Sonja
  7748 | D:11     | Killed a two-headed ogre
  7756 | D:11     | Killed Sonja
  7889 | D:11     | Found a frozen archway.
  7889 | D:11     | Noticed an ice dragon
  7914 | D:11     | HP: 1/88 [polar bear (16)]
  7915 | D:11     | Killed from afar by an ice dragon

Illustrated notes

Levels and vault maps discovered:
D:1:      dpeg_arrival_circle_labyrinth_b, layout_rooms
D:2:      layout_rooms, basic_altar, minmay_surrounded
D:3:      layout_rooms, mainiacjoe_overflow_large_starburst,
          minmay_fractal_squares_diagonal_5, uniq_sigmund
D:4:      layout_basic, minmay_joined_circles
D:5:      layout_loops_ring, minmay_temple_entry_antechambers
D:6:      layout_cave_pools, serial_shops, nicolae_shop_behind_doors,
          ebering_ghost_xom, grunt_decor_arrowhead, supply_closet_lemuel
D:7:      layout_cave_pools, nicolae_ossuary_entry_false_entrances,
          enter_bailey_5
D:8:      layout_loops_ring
D:11:     layout_long_grid, minmay_orc_entry_guard_dogs,
          portal_ice_cave_entry_animals_and_master, minmay_misc_feat_encased,
          uniq_sonja
Temple:   mainiacjoe_temple_big_plus

Skill      XL: |  1  2  3  4  5  6  7  8  9 10 |
---------------+-------------------------------+-----
Fighting       | 1 2 3 4 5 6 7 |  7.6
Hexes          | 2 3 |  3.0
Conjurations   | 5 6 7 8 9 |  9.6
Spellcasting   | 3 4 5 6 |  6.7
Translocations | 2 3 |  3.0
Fire Magic     | 5 8 9 |  9.8
Short Blades   | 3 |  3.6
Dodging        | |  1.7
Stealth        | |  1.7

Action                   |  1- 3 |  4- 6 |  7- 9 | 10-12 || total
-------------------------+-------+-------+-------+-------++-------
Melee: Unarmed           |     6 |       |       |       ||     6
       Rapier            |   116 |    41 |     3 |    46 ||   206
       Whip              |    24 |       |       |       ||    24
       Tailslap          |    12 |     5 |     9 |     3 ||    29
       Punch             |     1 |     1 |       |       ||     2
       Dire flail        |       |       |   115 |     3 ||   118
Throw: Throwing net      |       |       |     1 |       ||     1
 Cast: Magic Dart        |    51 |    18 |    18 |     6 ||    93
       Searing Ray       |     1 |     1 |     4 |     1 ||     7
       Fulminant Prism   |       |     6 |    25 |     7 ||    38
       Iskenderun's Myst |       |       |     6 |       ||     6
       Flame Wave        |       |       |     4 |     7 ||    11
       Scorch            |       |       |       |    16 ||    16
       Sticky Flame      |       |       |       |     2 ||     2
 Abil: Breathe Fire      |       |       |     7 |       ||     7
  Use: Potion            |     1 |       |     2 |     2 ||     5
       Scroll            |       |     4 |     5 |     4 ||    13
 Stab: Sleeping          |     1 |       |     2 |     3 ||     6
       Invisible         |       |       |     2 |       ||     2
       Distracted        |       |       |       |     1 ||     1
Armor: Skin              |    75 |    11 |    75 |    51 ||   212
Dodge: Dodged            |   144 |    28 |    82 |    54 ||   308

Table legend: (Time is in decaauts)
 A = Elapsed time spent in this place.
 B = Non-inter-level travel time spent in this place.
 C = Inter-level travel time spent in this place.
 D = Time resting spent in this place.
 E = Time spent auto-exploring this place.
 F = Levels seen in this place.
 G = Mean time per level.
                   A        B        C        D        E       F      G
               +--------+--------+--------+--------+--------+-----+--------+
         Total |   7999 |   7608 |    391 |   1672 |   4478 |  11 |  727.2 |
       Dungeon |   7614 |   7244 |    370 |   1646 |   4249 |   9 |  846.0 |
        Temple |     80 |     59 |     21 |      0 |     45 |   1 |   80.0 |
       Ossuary |    304 |    304 |      0 |     26 |    184 |   1 |  304.0 |
               +--------+--------+--------+--------+--------+-----+--------+

Top non-repeatable levels by time:
     D:4: 1682 daAuts
     D:6: 1437 daAuts
     D:1: 907 daAuts
     D:5: 880 daAuts
     D:2: 834 daAuts
     D:3: 831 daAuts
     D:7: 666 daAuts
 Ossuary: 304 daAuts
    D:11: 235 daAuts
     D:8: 140 daAuts
  Temple: 80 daAuts
